Map: Babylon LE

Players

SLicKcHeeZEE - Winner!

  • Race: Zerg Zerg
  • League: Bronze
  • Spawn Location: 11:00

A.I. 1 (Very Hard)

  • Race: Terran Terran
  • Spawn Location: 5:00

VOD

Have the link to the VOD?

Description

Time

  • Played on: Sept. 20, 2026, 11 p.m.
  • Length: 14:36
Show
View Real Time Build Order
Export as new Build Order

SLicKcHeeZEE Zerg - Winner!

Build Orders: Hatch First, Roach Hydra 

Get SALT Encoding   

  6  0:00  Drone  
  9  0:11  Drone  
  10  0:20  Drone  
  11  0:28  Overlord  
  11  0:34  Drone  
  12  0:46  Drone x2  
  14  0:51  Drone  
  15  1:14  Hatchery  
  15  1:17  Drone  
  15  1:20  Drone  
  16  1:25  Drone  
  17  1:40  Spawning Pool  
  17  1:42  Drone  
  17  1:45  Extractor  
  16  1:48  Drone  
  16  1:51  Drone  
  18  2:00  Drone  
  19  2:10  Overlord  
  19  2:27  Queen  
  19  2:28  Queen  
  19  2:29  Zergling x2  
  24  2:33  Drone  
  25  2:37  Drone  
  25  2:41  Drone  
  28  2:44  Drone  
  28  2:49  Metabolic Boost  
  28  2:56  Extractor  
  28  2:58  Overlord  
  27  3:08  Roach Warren  
  27  3:11  Drone  
  27  3:14  Drone  
  28  3:20  Drone  
  29  3:27  Lair  
  29  3:31  Drone  
  30  3:47  Roach  
  30  3:48  Roach x2  
  36  3:49  Roach  
  36  3:55  Overlord  
  38  4:04  Queen  
  40  4:15  Drone x2  
  42  4:18  Drone  
  42  4:19  Drone  
  44  4:26  Hydralisk Den  
  44  4:28  Glial Reconstitution  
  43  4:35  Overlord  
  43  4:44  Drone x3  
  46  4:51  Extractor, Drone x2  
  46  4:52  Drone  
  48  4:57  Overlord  
  48  5:05  Baneling Nest  
  47  5:09  Drone x3  
  50  5:19  Evolution Chamber  
  50  5:20  Grooved Spines  
  49  5:28  Queen  
  49  5:32  Drone x3  
  54  5:36  Overlord  
  54  5:38  Zergling x2  
  54  5:40  Zergling x2  
  54  5:42  Zergling x2  
  57  5:58  Zerg Missile Weapons Level 1  
  57  6:00  Hatchery  
  56  6:26  Roach  
  56  6:27  Roach x3, Hydralisk x2  
  56  6:28  Hydralisk x2  
  56  6:31  Overlord  
  72  6:40  Muscular Augments  
  72  6:41  Overlord  
  72  6:42  Evolution Chamber  
  71  6:50  Drone x3  
  74  7:03  Baneling  
  74  7:04  Baneling x5  
  74  7:15  Drone x5  
  79  7:16  Overlord x2  
  79  7:25  Overlord  
  79  7:26  Overlord  
  79  7:27  Zerg Ground Armor Level 1  
  79  7:32  Drone  
  79  7:34  Overlord  
  82  7:44  Roach x4  
  82  7:45  Roach  
  82  7:46  Roach  
  92  7:53  Zerg Missile Weapons Level 2  
  92  8:00  Zergling x4  
  92  8:01  Zergling x8  
  98  8:12  Overlord  
  98  8:35  Hydralisk x3  
  98  8:36  Hydralisk x4  
  98  8:37  Hydralisk  
  98  8:38  Overlord  
  114  8:43  Overlord  
  114  8:45  Zergling x2  
  114  8:46  Zergling x12  
  121  9:18  Roach  
  121  9:19  Roach x13  
  121  9:24  Zerg Ground Armor Level 2  
  115  10:10  Roach x8  
  115  10:11  Roach x10  
  121  11:23  Overlord x2  
  121  11:25  Zergling x4  
  122  11:26  Zergling x16  
  122  11:27  Zergling x12  
Show
View Real Time Build Order
Export as new Build Order

A.I. 1 (Very Hard) Terran 

Build Orders:  

Get SALT Encoding   

  6  0:00  SCV  
  9  0:13  SCV  
  10  0:25  SCV  
  11  0:37  SCV  
  12  0:46  Supply Depot  
  12  0:49  SCV  
  13  1:07  SCV  
  14  1:12  Barracks  
  14  1:19  SCV  
  15  1:31  SCV  
  16  1:44  SCV  
  17  1:55  Supply Depot  
  17  1:56  SCV  
  17  1:59  Marine  
  19  2:02  Refinery  
  19  2:08  SCV  
  20  2:16  Marine  
  20  2:20  SCV  
  20  2:22  Barracks  
  22  2:31  Refinery  
  22  2:32  SCV  
  22  2:34  Marine  
  24  2:44  SCV  
  24  2:48  Supply Depot  
  25  2:52  Marine  
  25  2:56  SCV  
  27  3:08  SCV  
  27  3:10  Marine  
  29  3:13  Factory  
  29  3:18  Marine  
  30  3:20  SCV  
  31  3:28  Marine  
  31  3:32  SCV  
  33  3:35  Marine  
  34  3:45  SCV, Marine  
  36  3:57  SCV, Supply Depot  
  37  4:13  Factory Tech Lab  
  37  4:18  Marine x2  
  37  4:19  SCV  
  40  4:25  Starport  
  40  4:31  SCV  
  41  4:36  Marine x2  
  43  4:43  SCV  
  44  4:55  SCV  
  44  4:58  Barracks  
  45  5:00  Supply Depot  
  45  5:15  Barracks Tech Lab  
  45  5:21  Barracks Reactor, Medivac, SCV  
  45  5:24  Command Center  
  48  5:33  Marine, Stimpack  
  48  5:34  Orbital Command  
  49  5:41  Supply Depot  
  49  5:45  Barracks Tech Lab  
  49  5:51  Medivac  
  49  5:52  Marauder  
  53  6:03  Marine, Combat Shield  
  56  6:04  Marauder, Engineering Bay  
  56  6:14  Supply Depot  
  56  6:15  Marauder  
  58  6:19  Marine  
  58  6:25  Marauder  
  61  6:32  Terran Infantry Weapons Level 1  
  61  6:36  SCV, Marauder, Engineering Bay  
  61  6:37  SCV  
  65  6:47  Marauder  
  67  6:48  SCV  
  67  6:50  SCV  
  69  6:57  Marauder  
  69  7:00  SCV  
  72  7:02  Terran Infantry Armor Level 1, SCV  
  72  7:08  Supply Depot, Marauder  
  75  7:12  SCV  
  75  7:14  Concussive Shells, SCV  
  77  7:19  Marauder  
  79  7:24  SCV, Missile Turret  
  79  7:28  SCV, Missile Turret  
  83  7:30  Marauder  
  83  7:34  Supply Depot  
  83  7:36  SCV  
  84  7:40  SCV, Marauder  
  87  7:48  SCV  
  87  7:50  Barracks, Starport Reactor  
  90  7:51  Marauder  
  90  7:55  SCV  
  90  7:56  Supply Depot  
  90  7:57  Marine  
  92  7:58  Marine  
  92  8:01  Marine  
  94  8:08  Orbital Command  
  94  8:12  Marine  
  95  8:13  Missile Turret  
  95  8:19  Marauder  
  97  8:21  Supply Depot  
  97  8:26  Viking  
  99  8:27  Medivac  
  99  8:30  Marauder  
  103  8:35  Refinery  
  103  8:37  Refinery  
  103  8:41  Missile Turret  
  103  8:42  Command Center  
  103  8:48  Supply Depot  
  103  8:52  Marauder  
  107  8:55  Marauder  
  107  8:56  Viking  
  107  8:57  Medivac  
  107  9:00  SCV  
  112  9:10  SCV  
  112  9:11  Supply Depot  
  112  9:12  SCV  
  114  9:17  Armory  
  114  9:24  Missile Turret  
  114  9:26  Viking  
  114  9:28  Viking  
  118  9:36  Supply Depot  
  118  9:43  Hellion  
  120  9:46  Marauder  
  120  9:47  Marine  
  120  9:49  Marine  
  120  9:51  Marine  
  107  9:53  Marine  
  107  9:56  Viking  
  90  10:02  SCV x2  
  90  10:04  Hellion  
  90  10:05  SCV, Marine  
  90  10:06  Terran Infantry Weapons Level 2  
  93  10:07  Marine x2  
  93  10:09  Marine  
  93  10:12  Marine  
  93  10:14  SCV  
  98  10:16  SCV  
  98  10:18  SCV  
  100  10:23  Marine  
  100  10:25  Marine x2  
  100  10:26  Hellion, SCV  
  100  10:27  Marine  
  100  10:28  SCV  
  108  10:29  Marine  
  108  10:30  SCV  
  110  10:38  SCV  
  110  10:40  SCV  
  110  10:41  Marine  
  110  10:42  SCV  
  114  10:43  Marine x2  
  114  10:46  Marauder  
  114  10:47  Hellion, Marine  
  121  10:50  SCV  
  121  10:52  SCV  
  123  10:58  Marine  
  123  11:00  Marine  
  123  11:01  Marauder  
  127  11:04  Supply Depot  
  127  11:07  Marauder  
  127  11:08  SCV, Siege Tank  
  127  11:10  SCV  
  109  11:15  Marine  
  109  11:16  Marine  
  89  11:18  Marine  
  89  11:22  Medivac  
  89  11:23  Marauder  
  94  11:28  Marine  
  77  11:38  SCV  
  74  11:40  Siege Tank  
  74  11:41  SCV  
  74  11:44  Marauder  
  74  11:46  Marine, Marauder  
  63  11:47  Marine x2  
  63  11:50  SCV  
  45  12:02  SCV  
  45  12:03  Marine  
  45  12:05  Marine x2  
  45  12:08  Marauder  
  35  12:12  Siege Tank  
  35  12:14  SCV  
Tags
 
Composition
Roach Hydra
League
Bronze
Matchup
TvZ
Spawn Locations
Cross Positions
Add a new tag
Caveats
  • Supply blocks, unpowered buildings, or Contaminate may cause inaccurate times.
  • Supply counts are checked every 10 seconds.